 Dungeon Crawl Stone Soup version 0.28-a0-793-g31680bbd8b (webtiles) character file.

Game seed: 1943030144049159269

170 ytrimaz the Skirmisher (level 5, -2/61 HPs)
             Began as an Ogre Berserker on Nov 4, 2021.
             Was a Believer of Trog.
             Slain by an orc (9 damage)
             ... on level 3 of the Dungeon.
             The game lasted 00:02:21 (1966 turns).

ytrimaz the Skirmisher (Ogre Berserker)             Turns: 1966, Time: 00:02:22

Health: -2/61      AC:  3    Str: 22    XL:     5   Next: 50%
Magic:  5/5        EV: 10    Int:  8    God:    Trog [**....]
Gold:   79         SH:  0    Dex:  8    Spells: 4/4 levels left

rFire   . . .      SeeInvis .   a - +0 mace (freeze)
rCold   . . .      Faith    .   (no shield)
rNeg    . . .      Spirit   .   b - +0 animal skin
rPois   .          Reflect  .   (helmet restricted)
rElec   .          Harm     .   (no cloak)
rCorr   .          Rampage  .   (gloves unavailable)
Will    .....                   (boots unavailable)
Stlth   +.........              (no amulet)
HPRegen 0.20/turn               (no ring)
MPRegen 0.09/turn               (no ring)

@: on berserk cooldown, slowed, studying Fighting, very slow
A: large, unfitting armour, tough skin 1
a: Renounce Religion, Berserk, Trog's Hand


You were on level 3 of the Dungeon.
You worshipped Trog.
Trog was pleased with you.
You visited 1 branch of the dungeon, and saw 3 of its levels.

You collected 79 gold pieces.

Inventory:

Hand Weapons
 a - a +0 mace of freezing (weapon)
Armour
 b - a +0 animal skin (worn)
Scrolls
 d - 2 scrolls of teleportation {unknown}
 e - a scroll of magic mapping {unknown}
Potions
 c - a potion of lignification


   Skills:
 * Level 6.7 Fighting
 + Level 4.2 Maces & Flails
 + Level 3.3 Dodging


You had 4 spell levels left.
You didn't know any spells.
Your spell library was empty.

Dungeon Overview and Level Annotations

Branches:
Dungeon (3/15)

Altars:


Innate Abilities, Weirdness & Mutations

You are too large for most types of armour.
You have tough skin. (AC +1)


Message History

You are exhausted.
You feel yourself slow down.
The orc wizard hits you with a +0 dagger.
You hit the orc wizard. You freeze the orc wizard.
You kill the orc wizard!
Trog accepts your kill.
Trog appreciates your killing of a magic user.
The orc hits you with a +0 dagger. The orc barely misses you.
The orc hits you with a +0 dagger. The orc hits you with a +0 whip.
Unknown command.
You hit the orc. You freeze the orc.
The orc is moderately wounded.
The orc closely misses you. The orc barely misses you.
You hit the orc. You freeze the orc.
The orc is heavily wounded.
The orc hits you with a +0 dagger. The orc hits you with a +0 flail.
The orc misses you. The orc hits you with a +0 flail.
You hit the orc. You freeze the orc.
You kill the orc!
Trog accepts your kill. The orc misses you.
The orc hits you but does no damage.
Things that are here:
a +0 dagger; a +0 ring mail Unknown command.
You hit the orc but do no damage. The orc barely misses you.
The orc hits you with a +0 whip.
You barely miss the orc. The orc barely misses you. The orc closely misses you.
The orc hits you with a +0 flail!
* * * LOW HITPOINT WARNING * * *
The orc hits you with a +0 whip.
* * * LOW HITPOINT WARNING * * *
You closely miss the orc. The orc closely misses you.
The orc hits you with a +0 whip.
* * * LOW HITPOINT WARNING * * *
The orc barely misses you. The orc hits you with a +0 whip.
* * * LOW HITPOINT WARNING * * *
Unknown command.
You barely miss the orc. The orc hits you with a +0 flail!
You die...

#.#### #.#
#.######.#
#.....#..#
#.#####.#.## #
#.......#. ###.
######>.# #...o
##.##
......#####..##
........o@)...##...
#......##o.........
.....#.#....#.###.
###. ..#...........
# #..#..#########
#..#..# ##.#..#
..#..# #..#


You could see 2 orcs.

Vanquished Creatures
  A phantom (D:3)
  An orc wizard (D:3)
  3 adders
  A worm (D:2)
  An orc (D:3)
  4 bats
  2 giant cockroaches (D:1)
  3 goblins
  A hobgoblin (D:1)
  14 jackals (D:1)
  A quokka (D:1)
  3 ball pythons (D:1)
  A kobold (D:2)
  6 rats
42 creatures vanquished.

Notes
Turn   | Place    | Note
-------+----------+-------------------------------------------
     0 | D:1      | ytrimaz the Ogre Berserker began the quest for the Orb.
     0 | D:1      | Reached XP level 1. HP: 24/24 MP: 1/1
   161 | D:1      | Found a faded altar of an unknown god.
   443 | D:1      | Reached XP level 2. HP: 31/32 MP: 2/2
   465 | D:1      | Identified a scroll of acquirement
   465 | D:1      | Acquired a manual of Fighting
   860 | D:1      | Reached XP level 3. HP: 40/40 MP: 3/3
   863 | D:1      | Reached ** piety under Trog
  1114 | D:2      | Reached skill level 5 in Fighting
  1391 | D:2      | Reached XP level 4. HP: 49/50 MP: 4/4
  1941 | D:3      | Noticed a phantom
  1952 | D:3      | Killed a phantom
  1953 | D:3      | Reached skill level 6 in Fighting
  1953 | D:3      | Reached XP level 5. HP: 61/61 MP: 5/5
  1966 | D:3      | Slain by an orc

Illustrated notes

Levels and vault maps discovered:
D:1:      mainiacjoe_arrival_reflecting_pool, layout_basic,
          shapermc_ecumenical_altar_venn
D:2:      layout_loops_ring
D:3:      layout_basic, lemuel_round_altar, uniq_terence

Skill      XL: |  1  2  3  4 |
---------------+-------------+-----
Maces & Flails | 3 4 |  4.2
Dodging        | 3 |  3.3
Fighting       | 5 6 |  6.7

Action                   |  1- 3 |  4- 6 || total
-------------------------+-------+-------++-------
Melee: Mace              |    87 |    36 ||   123
Invok: Berserk           |     2 |     1 ||     3
  Use: Scroll            |     3 |       ||     3
Armor: Animal skin       |    44 |    22 ||    66
Dodge: Dodged            |    77 |    37 ||   114

Table legend: (Time is in decaauts)
 A = Elapsed time spent in this place.
 B = Non-inter-level travel time spent in this place.
 C = Inter-level travel time spent in this place.
 D = Time resting spent in this place.
 E = Time spent auto-exploring this place.
 F = Levels seen in this place.
 G = Mean time per level.
                   A        B        C        D        E       F      G
               +--------+--------+--------+--------+--------+-----+--------+
         Total |   2009 |   1964 |     45 |     18 |   1602 |   3 |  669.7 |
       Dungeon |   2009 |   1964 |     45 |     18 |   1602 |   3 |  669.7 |
               +--------+--------+--------+--------+--------+-----+--------+

Top non-repeatable levels by time:
     D:1: 1116 daAuts
     D:2: 696 daAuts
     D:3: 196 daAuts
